 Dungeon Crawl Stone Soup version bcrawl-1.18.1 (webtiles) character file.

Game seed: 7112583244273217333

108 Revguard the Sneak (level 4, -1/29 HPs)
             Began as a Demonspawn Archaeologist on Nov 15, 2019.
             Slain by an orc wizard
             ... wielding a +0 dagger
              (5 damage)
             ... on level 3 of the Dungeon.
             The game lasted 00:10:38 (2113 turns).

Revguard the Sneak (Demonspawn Archaeologist)       Turns: 2113, Time: 00:10:39

Health: -1/29      AC:  6    Str:  8 (11) XL:     4   Next: 58%
Magic:  0/5        EV: 13    Int: 20 (22) God:
Gold:   183        SH:  0    Dex: 12 (13) Spells: 4/4 levels left

rFire    . . .     SeeInvis .   h - +0 spear (venom)
rCold    . . .     Gourm    .   (no shield)
rNeg     . . .     Faith    .   i - +0 leather armour
rPois    .         Spirit   +   c - +1 hat
rElec    .         Reflect  .   (no cloak)
rCorr    .         Harm     .   (no gloves)
MR       .....                  d - +1 pair of boots
Stlth    ++........             (no amulet)
HPRegen  0.09/turn              (no ring)
MPRegen  0.09/turn              (no ring)

@: brilliant, hasted, studying Stealth, very quick
A: claws 1, clever 1, frail 1, magic shield, sturdy frame 1
a: no special abilities


You were on level 3 of the Dungeon.
You were not hungry.

You visited 1 branch of the dungeon, and saw 3 of its levels.

You collected 183 gold pieces.

Inventory:

Hand Weapons
 a - a +0 whip
 h - a +0 spear of venom (weapon)
 j - a +0 dagger
Missiles
 w - 83 javelins (quivered)
Armour
 b - a +1 robe
 c - a +1 hat (worn)
 d - a +1 pair of boots (worn)
 i - a +0 leather armour (worn)
Jewellery
 k - a +5 ring of evasion {unknown}
Scrolls
 l - a scroll of noise {unknown}
 m - a scroll of identify {unknown}
 n - a scroll of enchant weapon {unknown}
 q - 2 scrolls of amnesia {unknown}
 s - a scroll of teleportation {unknown}
 t - a scroll of fear {unknown}
 y - a scroll of magic mapping {unknown}
Potions
 r - a potion of brilliance
Books
 e - a manual of Stealth
Miscellaneous
 f - an ancient crate
Comestibles
 g - 8 rations {!d}
 x - 4 chunks of flesh


   Skills:
 + Level 1.7 Fighting
 * Level 0.8 Short Blades
 - Level 1.0 Maces & Flails
 - Level 0.5 Polearms
 * Level 1.4 Armour
 + Level 3.4 Dodging
 * Level 3.7 Stealth
 * Level 0.9 Spellcasting


You had 4 spell levels left.
You didn't know any spells.
Your spell library was empty.

Dungeon Overview and Level Annotations

Branches:
Dungeon (3/12)

Altars:
Fedhas
Gozag
Vehumet


Innate Abilities, Weirdness & Mutations

When hurt, damage is shared between your health and your magic reserves.
Your movements are slightly less encumbered by armour. (ER -2)
You have sharp fingernails.
Your mind is acute. (Int +2)
You are frail. (-10% HP)


Message History

The orc wizard flickers and vanishes!
Deactivating autopickup; reactivate with Ctrl-A.
The orc closely misses you.
Some of the chunks of flesh in your inventory have rotted away.
You hit the orc but do no damage.
The orc looks as sick as possible!
The orc is lightly wounded.
Something hits you but does no damage. The orc closely misses you.
You closely miss something.
You kill the orc!
You hear some strange, mumbled words.
A puff of flame appears from out of thin air!
The puff of flame hits you!
* * * LOW HITPOINT WARNING * * *
You closely miss something. You closely miss something.
Something hits you but does no damage.
You closely miss something. Something hits you.
* * * LOW HITPOINT WARNING * * *
Okay, then.
You barely miss something. Something hits you.
You die...

.....o..# #...............
......o.###...............
..........................
.......$go..#............#
####...#####o............#
.....>#8_8#{..8..........
.......#$.$#o.8_8..###.).#
......##)$.#...8...# ##..#
...... ##@##.......# #..#
...... #){)..####### ##.#
..........###########รทรท
####..$...##...........
#.....###.<.........
#..$..# #...........
#.....# #...........
#..$..# #...........
##....# #...........


There were no monsters in sight!

Vanquished Creatures
  2 adders (D:3)
  4 worms
  2 dart slugs
  3 leopard geckos
  5 orcs (D:3)
  7 bats (D:1)
  2 giant cockroaches
  6 hobgoblins
  12 jackals (D:3)
  8 kobolds
  A quokka (D:2)
  A ball python (D:1)
  4 frilled lizards
  3 goblins
  4 rats (D:1)
64 creatures vanquished.

Notes
Turn   | Place    | Note
-------+----------+-------------------------------------------
     0 | D:1      | Revguard the Demonspawn Archaeologist began the quest for
                  | the Orb.
     0 | D:1      | Reached XP level 1. HP: 15/15 MP: 1/1
    74 | D:1      | Reached skill level 1 in Maces & Flails
   339 | D:1      | Gained mutation: When hurt, damage is shared between your
                  | health and your magic reserves. [demonic ancestry]
   339 | D:1      | Reached XP level 2. HP: 21/21 MP: 2/2
   567 | D:1      | Reached skill level 1 in Armour
   769 | D:1      | Gained mutation: Your movements are slightly less
                  | encumbered by armour. (ER -2) [demonic ancestry]
   769 | D:1      | Reached XP level 3. HP: 26/26 MP: 3/3
  1432 | D:2      | Found a blossoming altar of Fedhas.
  1787 | D:3      | Reached XP level 4. HP: 15/32 MP: 4/4
  1957 | D:3      | Found a faded altar of an unknown god.
  1980 | D:3      | Found a radiant altar of Vehumet.
  2086 | D:3      | Found an opulent altar of Gozag.
  2102 | D:3      | Gained mutation: Your mind is acute. (Int +2) [potion of
                  | mutation]
  2102 | D:3      | Gained mutation: You are frail. (-10% HP) [potion of
                  | mutation]
  2102 | D:3      | Gained mutation: You have sharp fingernails. [potion of
                  | mutation]
  2102 | D:3      | HP: 1/29 [orc/+0 club (1)]
  2113 | D:3      | Slain by an orc wizard

Skill      XL: |  1  2 |
---------------+-------+-----
Maces & Flails | 1 |  1.0
Dodging        | 3 |  3.4
Armour         | 1 |  1.4
Fighting       | |  1.7
Short Blades   | |  0.8
Polearms       | |  0.5
Stealth        | |  3.7
Spellcasting   | |  0.9

Action                   |  1- 3 |  4- 6 || total
-------------------------+-------+-------++-------
Melee: Spear             |   114 |    48 ||   162
       Whip              |     4 |       ||     4
       Dagger            |    21 |       ||    21
Throw: Javelin           |       |     7 ||     7
  Use: Potion            |       |     5 ||     5
 Stab: Sleeping          |     3 |       ||     3
  Eat: Chunk             |     2 |     2 ||     4
Armor: Leather armour    |    50 |    25 ||    75
Dodge: Dodged            |   106 |    38 ||   144
